 Dungeon Crawl Stone Soup version 0.31.0-32-g396128a36d (webtiles) character file.

Game seed: 5377631146337624807

94 concernfroge the Trooper (level 4, 0/45 HPs)
             Began as a Minotaur Berserker on Apr 16, 2024.
             Was a Believer of Trog.
             Incinerated by a bombardier beetle (5 damage)
             ... with a burning spray
             ... on level 2 of the Dungeon.
             The game lasted 00:02:49 (1035 turns).

concernfroge the Trooper (Minotaur Berserker)       Turns: 1035, Time: 00:02:49

Health: 0/45       AC:  7    Str: 24    XL:     4   Next: 38%
Magic:  3/3        EV: 11    Int:  4    God:    Trog [**....]
Gold:   109        SH:  0    Dex:  9    Spells: 3/3 levels left

rFire   . . .        a - +0 spear
rCold   + . .        (no shield)
rNeg    . . .        c - +0 ring mail
rPois   .            (helmet restricted)
rElec   .            l - +0 cloak
rCorr   .            j - +0 pair of gloves
SInv    .            (no boots)
Will    ++...        (no amulet) Stlth
                     g - ring of protection from cold
HPRegen 1.27/turn    k - +4 ring of slaying
MPRegen 0.08/turn

%: no passive effects
@: on fire, strong-willed, regenerating, glowing
A: horns 2, retaliatory headbutt
a: Renounce Religion, Berserk, Trog's Hand


You were on level 2 of the Dungeon.
You worshipped Trog.
Trog was pleased with you.
You visited 1 branch of the dungeon, and saw 2 of its levels.

You collected 109 gold pieces.

Inventory:

Hand Weapons
 a - a +0 spear (weapon)
Armour
 c - a +0 ring mail (worn)
 j - a +0 pair of gloves (worn)
 l - a +0 cloak (worn)
Jewellery
 g - a ring of protection from cold (left hand)
 k - a +4 ring of slaying (right hand)
Scrolls
 b - 3 scrolls of identify
 d - a scroll of blinking {unknown}
 f - a scroll of teleportation {unknown}
 i - a scroll of poison {unknown}
Potions
 h - a potion of enlightenment {unknown}
 m - a potion of lignification {unknown}


   Skills:
 + Level 6.3 Fighting
 - Level 3.6 Polearms
 - Level 2.4 Armour
 - Level 2.1 Dodging


You had 3 spell levels left.
You didn't know any spells.
Your spell library was empty.

Dungeon Overview and Level Annotations

Branches:
Dungeon (2/15)

Altars:


Innate Abilities, Weirdness & Mutations

You have a pair of horns on your head.
You reflexively headbutt those who attack you in melee.


Message History

The bombardier beetle is heavily wounded.
The liquid fire burns you!
You reach to attack!
You hit the bombardier beetle but do no damage.
The bombardier beetle is heavily wounded.
The liquid fire burns you!
You barely miss the bombardier beetle.
The bombardier beetle is heavily wounded.
The liquid fire burns you!
You hit the bombardier beetle.
The bombardier beetle is heavily wounded.
The bombardier beetle sprays incendiary fluid at you.
The burning spray hits you.
You are covered in liquid fire!
You hit the bombardier beetle but do no damage.
You headbutt the bombardier beetle!
You kill the bombardier beetle!
Trog accepts your kill. The liquid fire burns you!
Your Fighting skill increases to level 6!
You have reached level 4!
You feel stronger.
You are on fire!
The liquid fire burns you!
Okay, then.
As you read the scroll labelled HOPSAO KIUPAHU, it crumbles to dust.
It is a scroll of identify.
e - a potion of curing The liquid fire burns you!
You feel better. The liquid fire burns you!
You are on fire!
The liquid fire burns you!
* * * LOW HITPOINT WARNING * * *
The liquid fire burns you!
* * * LOW HITPOINT WARNING * * *
Your skin crawls.
You feel strong-willed. The liquid fire burns you!
You die...

.# #.# #######.####.# #.# .# #.#
.............# #.# .###.#
#######)###### #.# ...#.#
##.####### ###.# .#.#.#
#........# #...#
##.#.#########........########.#
....†....................†....>#
####.#########........########.#
#.# #..@.....# #.# #.#
#........# #.# #.#
#........########.## #.#
#..................# ####.#
#..................# .....#
...................# ######
...?................#
........###########.## #.#


There were no monsters in sight!

Vanquished Creatures
  A bombardier beetle (D:2)
  An adder (D:2)
  3 dart slugs (D:1)
  2 ribbon worms (D:2)
  4 bats
  4 endoplasms
  A giant cockroach (D:1)
  4 hobgoblins (D:1)
  4 jackals (D:2)
  A quokka (D:1)
  3 ball pythons
  2 frilled lizards (D:1)
  5 goblins
  4 kobolds
  8 rats
47 creatures vanquished.

Notes
Turn   | Place    | Note
-------+----------+-------------------------------------------
     0 | D:1      | concernfroge the Minotaur Berserker began the quest for the
                  | Orb.
     0 | D:1      | Reached XP level 1. HP: 19/19 MP: 0/0
    57 | D:1      | Reached skill level 4 in Fighting
   111 | D:1      | Reached XP level 2. HP: 28/28 MP: 1/1
   340 | D:1      | Reached ** piety under Trog
   349 | D:1      | Reached skill level 5 in Fighting
   455 | D:1      | Reached XP level 3. HP: 34/36 MP: 2/2
  1030 | D:2      | Reached skill level 6 in Fighting
  1030 | D:2      | Reached XP level 4. HP: 25/45 MP: 3/3
  1035 | D:2      | Incinerated by a bombardier beetle

Illustrated notes

Levels and vault maps discovered:
D:1:      reono_arrival_forest_river, layout_loops_ring, chequers_garden
D:2:      layout_basic

Skill      XL: |  1  2  3 |
---------------+----------+-----
Fighting       | 4 5 6 |  6.3
Polearms       | |  3.6
Armour         | |  2.4
Dodging        | |  2.1

Action                     |  1- 3 |  4- 6 || total
---------------------------+-------+-------++-------
  Melee: Spear             |   104 |       ||   104
         Headbutt          |    18 |       ||    18
 Invoke: Trog's Hand       |       |     1 ||     1
    Use: Scroll            |       |     1 ||     1
         Potion            |       |     1 ||     1
 Armour: Animal skin       |     2 |       ||     2
         Ring mail         |    27 |       ||    27
  Dodge: Dodged            |    32 |       ||    32
